Selects Airborne Battlegroup
Selects Paratrooper Squad Paradrop
Construct Weapon Support Center
Selects Anti-tank Gun Team Paradrop
M3 Armored Personnel Carrier
M1918 Browning Automatic Rifles
Construct Medical Station
Anti-tank Gun Team Paradrop
Anti-tank Gun Team Paradrop
Construct Medical Station
Paratrooper Squad Paradrop
Selects Carpet Bombing Run
Improved M9 Bazooka Rockets
M4(105) Sherman Bulldozer
M18 Hellcat Tank Destroyer